Map: Orbital Shipyard

Players

wabbajack

  • Race: Zerg Zerg
  • League: Grandmaster

Mojo - Winner!

  • Race: Zerg Zerg
  • League: Grandmaster

VOD

Have the link to the VOD?

Description

Time

  • Played on: July 14, 2015, 3:07 p.m.
  • Length: 5:06
Show
View Real Time Build Order
Export as new Build Order

wabbajack Zerg 

Build Orders: Hatch First 

Get SALT Encoding   

  12  0:02  Drone  
  13  0:11  Drone  
  14  0:25  Overlord  
  14  0:42  Hatchery  
  14  0:49  Drone  
  14  0:50  Drone  
  14  0:55  Drone  
  16  1:11  Spawning Pool  
  16  1:15  Drone  
  16  1:18  Drone  
  17  1:26  Extractor  
  17  1:30  Drone  
  17  1:51  Drone x2  
  19  1:56  Drone  
  19  1:57  Drone  
  19  1:58  Queen  
  19  1:59  Queen  
  25  2:04  Overlord  
  25  2:17  Drone  
  26  2:24  Extractor  
  26  2:28  Drone x4  
  29  2:38  Zergling x2  
  30  2:45  Roach Warren  
  30  2:49  Zergling x2  
  30  2:50  Zergling x2  
  30  3:00  Overlord x2  
  30  3:04  Queen  
  32  3:15  Drone x3  
  32  3:16  Drone  
  32  3:19  Drone  
  37  3:20  Drone  
  37  3:23  Metabolic Boost  
  38  3:36  Roach x2  
  38  3:37  Roach  
  44  3:48  Roach x3  
  46  3:49  Roach  
  46  3:53  Overlord  
  52  4:04  Evolution Chamber  
  52  4:07  Evolution Chamber  
  41  4:27  Roach  
  41  4:28  Roach x7  
Show
View Real Time Build Order
Export as new Build Order

Mojo Zerg - Winner!

Build Orders: Pool First, Zergling Baneling 

Get SALT Encoding   

  12  0:01  Drone  
  13  0:10  Drone  
  14  0:18  Overlord  
  14  0:39  Drone, Spawning Pool  
  14  0:43  Drone  
  14  0:47  Drone  
  16  0:55  Drone  
  17  1:14  Hatchery  
  16  1:22  Drone x2  
  18  1:26  Extractor  
  18  1:31  Queen  
  19  1:35  Zergling x2  
  20  1:42  Overlord  
  20  1:50  Drone  
  21  1:56  Drone  
  22  2:07  Drone, Queen  
  25  2:16  Overlord  
  25  2:29  Drone x2  
  27  2:42  Metabolic Boost  
  26  2:46  Drone x5  
  26  2:47  Overlord  
  31  3:03  Drone  
  31  3:05  Baneling Nest, Zergling x4  
  32  3:09  Zergling x2  
  32  3:10  Zergling x2  
  35  3:15  Overlord  
  35  3:18  Zergling x8  
  39  3:23  Zergling x4  
  41  3:31  Zergling x2  
  41  3:32  Zergling x4  
  44  3:39  Zergling x2  
  45  3:46  Overlord  
  45  3:49  Zergling x10  
  45  3:50  Zergling x4  
  52  3:56  Baneling x4  
  52  3:57  Baneling x2  
  52  4:00  Zergling x2  
  53  4:07  Zergling x6  
  55  4:11  Zergling x4  
  56  4:24  Zergling x14  
  52  4:27  Baneling x2  
  56  4:36  Zergling x6  
  57  4:40  Zergling x4  
  59  4:49  Baneling x2  
Tags
 
Add a new tag
Caveats
  • Supply blocks, unpowered buildings, or Contaminate may cause inaccurate times.
  • Supply counts are checked every 10 seconds.